AoeStats
← powerkek

Arena

509308486Analyzed
4v4 RM · 5d ago on Sep 26, 2026· 48m 32s· 8 players
Game mode
Random Map
Map size
Large (8 player)
Population
200
Speed
Normal
Resources
Standard
Victory
Conquest
Starting age
Dark Age
Ending age
Imperial Age
RankedLock teamsTeams togetherTeam positionsShared explorationLock speedFull tech treeHidden civsTurbo modeCheats
Victory
Defeat
🇨🇳 Varangians · China
1117
+9
🇨🇳 Khitans · China
1091
+10
🇨🇳 Turks · China
907
+17
🇭🇰 Byzantines · Hong Kong SAR China
769
+22
🇸🇰 Khmer · Slovakia
972
-16
🇸🇰 Malians · Slovakia
965
-16
🇨🇳 Vietnamese · China
925
-14
🇷🇺 Vikings · Russia
887
-12
sisseess
11:50 Feudal Age
17:33 Castle Age
15:36 Horse Collar
15:46 Double-Bit Axe
16:25 Gold Mining
17:53 Wheelbarrow
17:32 Stone Mining
19:37 Hand Cart
25:54 Town Watch
25:35 Elite Skirmisher
26:31 Thumb Ring
27:17 Bow Saw
27:11 Heavy Plow
30:10 Padded Archer Armor
30:01 Fletching
31:08 Pikeman
31:48 Squires
32:07 Leather Archer Armor
31:47 Bodkin Arrow
32:03 Forging
31:53 Scale Mail Armor
34:34 Imperial Age
32:14 Bodkin Arrow
32:35 Leather Archer Armor
34:02 Stone Shaft Mining
33:55 Forging
33:45 Scale Mail Armor
34:34 Ballistics
36:20 Chemistry
34:43 Imperial Skirmisher
35:32 Bracer
36:03 Ring Archer Armor
37:12 Loom
37:28 Town Patrol
38:05 Fortified Wall
37:40 Treadmill Crane
39:04 Halberdier
40:03 Capped Ram
41:58 Iron Casting
41:38 Chain Mail Armor
powerkek
10:40 Feudal Age
12:36 Loom
16:06 Castle Age
17:23 Double-Bit Axe
17:10 Pikeman
17:26 Light Cavalry
20:08 Wheelbarrow
21:12 Forging
22:19 Hand Cart
23:08 Scale Mail Armor
23:39 Town Watch
23:40 Horse Collar
24:05 Gold Mining
26:53 Tigui
27:33 Fletching
28:19 Bodkin Arrow
29:42 Squires
30:01 Bloodlines
30:08 Heavy Plow
35:08 Imperial Age
35:01 Arson
35:33 Chain Mail Armor
35:54 Iron Casting
35:50 Man-at-Arms
36:02 Man-at-Arms
Etheling
8:42 Loom
11:53 Feudal Age
12:22 Horse Collar
12:30 Double-Bit Axe
13:36 Gold Mining
14:39 Stone Mining
17:14 Gold Mining
20:11 Castle Age
18:37 Fletching
18:50 Arson
19:19 Scale Mail Armor
21:21 Bow Saw
21:21 Bodkin Arrow
21:43 Heavy Plow
22:04 Crossbowman
22:52 Bodkin Arrow
25:37 Gold Shaft Mining
26:33 Masonry
27:43 Ballistics
27:34 Scale Barding Armor
27:32 Padded Archer Armor
27:41 Squires
28:02 Chain Mail Armor
32:37 Forging
34:31 Iron Casting
34:16 Fortified Wall
38:44 Imperial Age
37:08 Murder Holes
38:45 Chieftains
38:40 Treadmill Crane
38:51 Guard Tower
39:20 Elite Varangian Guard
40:39 Crop Rotation
40:47 Plate Mail Armor
41:44 Conscription
42:30 Blast Furnace
41:59 Caravan
42:32 Coinage
43:30 Elite Skirmisher
45:52 Bracer
45:24 Imperial Skirmisher
Iraqi Fairy Queen
10:08 Loom
11:53 Feudal Age
15:41 Castle Age
13:32 Double-Bit Axe
13:31 Horse Collar
14:20 Gold Mining
18:25 Heavy Plow
23:28 Bow Saw
25:34 Wheelbarrow
26:52 Bloodlines
26:43 Husbandry
27:27 Hand Cart
27:25 Forging
32:12 Imperial Age
34:08 Iron Casting
33:39 Scale Barding Armor
33:27 Fletching
33:43 Heavy Scorpion
34:29 Double Crossbow
34:51 Conscription
34:32 Tusk Swords
34:51 Town Watch
36:34 Blast Furnace
36:06 Elite Ballista Elephant
40:29 Chain Barding Armor
碰我村民就投
10:15 Feudal Age
14:31 Castle Age
13:30 Double-Bit Axe
14:04 Horse Collar
16:12 Bow Saw
17:07 Heavy Plow
18:48 Loom
21:43 Wheelbarrow
25:19 Hand Cart
30:05 Imperial Age
29:35 Elite Skirmisher
30:33 Thumb Ring
30:14 Treadmill Crane
30:51 Fletching
31:01 Padded Archer Armor
32:01 Bodkin Arrow
32:21 Leather Archer Armor
33:26 Logistica
33:30 Forging
33:25 Scale Barding Armor
35:02 Iron Casting
34:48 Chain Barding Armor
34:28 Scale Mail Armor
34:30 Bracer
35:00 Ring Archer Armor
35:37 Two-Man Saw
35:10 Crop Rotation
36:16 Ballistics
36:57 Chemistry
35:43 Arrowslits
36:08 Fortified Wall
35:56 Murder Holes
36:38 Plate Barding Armor
35:54 Elite Varangian Guard
36:34 Squires
36:20 Arson
36:21 Gambesons
35:57 Pikeman
38:01 Elite Cataphract
40:47 Chain Mail Armor
41:42 Husbandry
41:03 Light Cavalry
45:52 Conscription
46:09 Hoardings
47:29 Plate Mail Armor
46:27 Hussar
46:28 Heavy Camel Rider
46:29 Cavalier
47:46 Halberdier
TearsOfDisdain8
10:09 Feudal Age
10:47 Double-Bit Axe
14:01 Castle Age
12:29 Horse Collar
15:04 Bow Saw
18:17 Wheelbarrow
24:29 Hand Cart
24:02 Loom
28:15 Imperial Age
27:06 Gold Mining
27:07 Stone Mining
27:24 Scale Barding Armor
27:29 Forging
27:24 Scale Barding Armor
28:51 Stone Shaft Mining
28:48 Bloodlines
30:04 Iron Casting
29:50 Chain Barding Armor
30:20 Husbandry
30:42 Onager
31:41 Fletching
32:52 Blast Furnace
33:11 Ballistics
32:58 Siege Engineers
33:24 Bodkin Arrow
34:05 Plate Barding Armor
35:08 Chemistry
34:21 Capped Ram
34:43 Heavy Scorpion
36:30 Two-Man Saw
35:34 Heavy Plow
36:22 Bracer
36:23 Padded Archer Armor
36:19 Murder Holes
36:35 Masonry
36:06 Treadmill Crane
36:50 Conscription
35:54 Elite Jarl
37:58 Leather Archer Armor
37:45 Scale Mail Armor
37:11 Vendel Legacy
37:11 Gothikon
38:02 Siege Ram
38:08 Pikeman
38:49 Squires
39:02 Halberdier
39:28 Arson
40:00 Chain Mail Armor
40:16 Ring Archer Armor
40:21 Coinage
40:28 Elite Varangian Guard
40:54 Gambesons
41:42 Plate Mail Armor
46:45 Town Watch
47:31 Architecture
47:33 Crop Rotation
碧蓝档案糕手
10:48 Feudal Age
11:34 Double-Bit Axe
14:27 Castle Age
12:08 Domestication
15:54 Bow Saw
19:45 Wheelbarrow
20:40 Pastoralism
23:09 Gold Mining
26:25 Imperial Age
23:41 Loom
23:42 Town Watch
24:56 Fortified Wall
25:54 Ballistics
25:28 Fletching
26:06 Bodkin Arrow
26:52 Lamellar Armor
26:50 Padded Archer Armor
27:53 Thumb Ring
27:13 Pikeman
27:38 Gambesons
27:53 Squires
27:38 Arson
28:53 Elite Skirmisher
30:38 Forging
30:29 Bracer
30:30 Scale Mail Armor
31:33 Chemistry
30:14 Treadmill Crane
30:41 Siege Engineers
33:49 Iron Casting
33:29 Chain Mail Armor
33:30 Leather Archer Armor
32:52 Heavy Rocket Cart
34:05 Hand Cart
35:08 Plate Mail Armor
36:29 Caravan
38:27 Scale Barding Armor
38:52 Ring Archer Armor
37:47 Light Cavalry
38:27 Husbandry
38:53 Hussar
39:54 Chain Barding Armor
Eleangt
11:37 Feudal Age
15:28 Castle Age
13:30 Double-Bit Axe
13:45 Horse Collar
14:21 Loom
16:30 Bow Saw
16:29 Heavy Plow
21:26 Wheelbarrow
24:05 Hand Cart
26:31 Gold Mining
26:30 Town Watch
30:26 Imperial Age
28:36 Gold Shaft Mining
29:38 Fortified Wall
29:49 Ballistics
31:39 Fletching
31:49 Padded Archer Armor
31:55 Scale Barding Armor
32:00 Forging
32:55 Two-Man Saw
32:43 Bloodlines
32:34 Husbandry
33:04 Parthian Tactics
32:00 Heavy Cavalry Archer
32:46 Thumb Ring
33:13 Conscription
33:13 Sipahi
33:11 Bodkin Arrow
33:32 Leather Archer Armor
33:50 Treadmill Crane
34:21 Masonry
34:31 Bombard Tower
34:07 Murder Holes
34:56 Chain Barding Armor
34:36 Bracer
35:12 Iron Casting
34:39 Artillery
35:15 Hoardings
34:54 Guilds
36:35 Plate Barding Armor
36:30 Ring Archer Armor
38:17 Blast Furnace
37:18 Scale Mail Armor
36:44 Heavy Camel Rider
38:13 Architecture
41:26 Chain Mail Armor
40:43 Capped Ram
40:45 Heavy Scorpion
41:28 Squires
41:14 Arson
40:50 Man-at-Arms
40:51 Crossbowman
40:52 Cavalier
40:54 Elite Janissary
41:05 Sappers
42:47 Plate Mail Armor
42:28 Long Swordsman
45:39 Two-Handed Swordsman
45:41 Siege Ram
46:15 Guard Tower
46:12 Arrowslits
46:17 Heated Shot
46:20 Stone Mining
Connection lost

Rejoining the realm…

Still unreachable

The connection could not be restored.

Session expired

The server has moved on; the page needs a fresh start.